 Dungeon Crawl Stone Soup version 0.25.0-41-g26779e291d (webtiles) character file.

Game seed: 13790667633812704932

859 Ethylacetat the Firebug (level 8, -3/46 HPs)
             Began as an Octopode Fire Elementalist on July 10, 2020.
             Was an Initiate of Vehumet.
             Slain by an orc warrior
             ... wielding a +0 war axe
              (15 damage)
             ... on level 5 of the Dungeon.
             The game lasted 00:15:24 (5314 turns).

Ethylacetat the Firebug (OpFE)                      Turns: 5314, Time: 00:15:25

Health: -3/46      AC:  1    Str:  7    XL:     8   Next: 2%
Magic:  8/14       EV: 13    Int: 20    God:    Vehumet [......]
Gold:   330        SH:  0    Dex: 12    Spells: 14/15 levels left

rFire    . . .     SeeInvis .   f - +2 hand axe (elec)
rCold    . . .     Gourm    .   (no shield)
rNeg     . . .     Faith    .   (helmet restricted)
rPois    .         Spirit   .   o - amulet of regeneration
rElec    .         Reflect  .   d - +4 ring of slaying
rCorr    .         Harm     .   (no ring)
MR       .....                  (no ring)
Stlth    +++.......             (no ring)
HPRegen  0.55/turn              (no ring)
MPRegen  0.14/turn              (no ring)
                                (no ring)
                                (no ring)

@: no status effects
A: almost no armour, stealthy swim, amphibious, 8 rings, constrict 8, camouflage
1, gelatinous body 1
a: Renounce Religion


You were on level 5 of the Dungeon.
You worshipped Vehumet.
Vehumet was noncommittal.
You were not hungry.

You visited 2 branches of the dungeon, and saw 7 of its levels.

You collected 330 gold pieces.

Inventory:

Hand Weapons
 f - a +2 hand axe of electrocution (weapon)
Jewellery
 d - a +4 ring of slaying (left tentacle)
 o - an amulet of regeneration (around mantle)
 v - an uncursed ring of resist corrosion {unknown}
 w - a cursed ring of attention {unknown}
Scrolls
 a - 7 scrolls of remove curse {unknown}
 e - 2 scrolls of noise {unknown}
 i - 2 scrolls of magic mapping {unknown}
 k - a scroll of teleportation {unknown}
 l - a scroll of enchant weapon {unknown}
 n - 2 scrolls of enchant armour {unknown}
 p - 6 scrolls of identify {unknown}
 s - 2 scrolls of amnesia {unknown}
 u - a scroll of silence {unknown}
Potions
 c - 4 potions of curing {unknown}
 g - 2 potions of magic {unknown}
 h - 4 potions of flight {unknown}
 j - 3 potions of mutation {unknown}
 m - 2 potions of stabbing {unknown}
 q - 3 potions of heal wounds {unknown}
 r - 2 potions of invisibility {unknown}
 t - a potion of resistance {unknown}
Comestibles
 b - 6 rations


   Skills:
 - Level 2.0 Dodging
 - Level 2.6 Stealth
 + Level 4.0 Spellcasting
 * Level 5.5 Conjurations
 * Level 6.3 Fire Magic


You had 14 spell levels left.
You knew the following spells:

 Your Spells              Type           Power        Failure   Level  Hunger
a - Foxfire               Conj/Fire      ####         1%          1    None

Your spell library contained the following spells:

 Spells                   Type           Power        Failure   Level  Hunger
 Conjure Flame            Conj/Fire      ####....     3%          3    ###....
 Inner Flame              Hex/Fire       ###.....     11%         3    ###....
 Sticky Flame             Conj/Fire      ####....     11%         4    ####...
 Beastly Appendage        Tmut           #.....       13%         1    None
 Summon Small Mammal      Summ           #...         13%         1    None
 Call Imp                 Summ           #.......     19%         2    #......
 Sticks to Snakes         Tmut           #.......     19%         2    #......
 Fireball                 Conj/Fire      ####......   30%         5    ######.
 Call Canine Familiar     Summ           #.......     36%         3    ###....
 Spider Form              Tmut/Pois      #.........   36%         3    ###....
 Summon Guardian Golem    Hex/Summ       #.......     36%         3    ###....
 Ice Form                 Ice/Tmut       #.......     77%         4    ####...
 Summon Ice Beast         Ice/Summ       #.......     77%         4    ####...
 Summon Lightning Spire   Summ/Air       #.......     77%         4    ####...
 Blade Hands              Tmut           #.........   98%         5    ######.


Dungeon Overview and Level Annotations

Branches:
Dungeon (6/15)             Temple (1/1) D:5

Altars:
Ashenzari
Cheibriados
Dithmenos
Elyvilon
Gozag
Hepliaklqana
Kikubaaqudgha
Makhleb
Nemelex Xobeh
Okawaru
Qazlal
Ru
Sif Muna
Trog
Vehumet
Xom
Yredelemnul
Zin
The Shining One

Shops:
D:4 }


Innate Abilities, Weirdness & Mutations

You cannot wear most types of armour.
You are very stealthy in the water. (Stealth+)
You are amphibious.
You can wear up to eight rings at the same time.
You can use your tentacles to constrict eight enemies at once.
Your skin changes colour to match your surroundings (Stealth+).
Your rubbery body absorbs attacks. (AC +1, EV +1)


Message History

You conjure some foxfire!
The foxfire hits the orc warrior.
The orc warrior is heavily wounded.
The foxfire hits the orc warrior.
The orc warrior is heavily wounded.
You climb upwards.
There is a stone staircase leading down here.
You hit the orc warrior but do no damage.
Your grab misses the orc warrior.
The orc warrior is heavily wounded.
The orc warrior barely misses you.
You hit the orc warrior but do no damage.
Your grab misses the orc warrior.
The orc warrior is heavily wounded.
The orc warrior hits you with a +0 war axe!
* * * LOW HITPOINT WARNING * * *
You completely miss the orc warrior. You grab the orc warrior.
The orc warrior is heavily wounded.
You constrict the orc warrior, but do no damage.
The orc warrior hits you with a +0 war axe!
You die...

##..# #)##...##
#####.#############(####).#####
......(...........<....)......#
#####...###########....(####..#
###.#### #......# #### #....#
#.#....#
##########.#######.#....#
..................(.....#
#############.#.@.......#
############...o###....#
##.............### #....#
...###########.# ###### ####
###


You could see an orc warrior.

Vanquished Creatures
  An ice beast (D:5)
  A sky beast (D:5)
  2 phantoms (D:4)
  A big kobold (D:4)
  A scorpion (D:5)
  A hound (D:4)
  A jelly (D:5)
  2 orc wizards (D:5)
  An orc priest (D:5)
  An iguana (D:5)
  A hound zombie (D:5)
  3 gnolls (D:5)
  6 adders
  A shadow imp (D:5)
  3 oozes
  4 worms
  A dart slug (D:3)
  6 leopard geckos
  6 orcs
  2 giant cockroaches
  6 goblins
  3 hobgoblins
  7 jackals
  3 quokkas
  7 bats
  5 frilled lizards
  16 kobolds
  A leopard gecko skeleton (D:4)
  2 rats
95 creatures vanquished.

Vanquished Creatures (others)
  341 foxfires
341 creatures vanquished.

Grand Total: 436 creatures vanquished

Notes
Turn   | Place    | Note
-------+----------+-------------------------------------------
     0 | D:1      | Ethylacetat the Octopode Fire Elementalist began the quest
                  | for the Orb.
     0 | D:1      | Reached XP level 1. HP: 11/11 MP: 3/3
   112 | D:1      | Found a shimmering altar of Xom.
   288 | D:1      | Reached XP level 2. HP: 17/17 MP: 0/5
   960 | D:2      | Reached XP level 3. HP: 21/21 MP: 6/6
  2152 | D:3      | Reached XP level 4. HP: 27/27 MP: 0/7
  2769 | D:3      | Reached skill level 4 in Fire Magic
  2916 | D:3      | Found an ancient bone altar of Kikubaaqudgha.
  3531 | D:4      | Noticed a phantom
  3539 | D:4      | Killed a phantom
  3539 | D:4      | Reached XP level 5. HP: 28/31 MP: 1/9
  3699 | D:4      | Reached XP level 6. HP: 36/36 MP: 6/10
  3775 | D:4      | Noticed a phantom
  3782 | D:4      | Killed a phantom
  3782 | D:4      | Reached skill level 5 in Fire Magic
  4045 | D:4      | Found Beisur's Gadget Boutique.
  4143 | D:5      | Entered Level 5 of the Dungeon
  4165 | D:5      | Noticed a sky beast
  4212 | D:4      | Reached XP level 7. HP: 19/41 MP: 0/12
  4576 | D:5      | Reached skill level 5 in Conjurations
  4646 | D:5      | Found a staircase to the Ecumenical Temple.
  4659 | Temple   | Entered the Ecumenical Temple
  4813 | Temple   | Became a worshipper of Vehumet
  4863 | D:5      | Reached skill level 6 in Fire Magic
  5170 | D:5      | Reached XP level 8. HP: 46/46 MP: 6/14
  5314 | D:5      | Slain by an orc warrior

Illustrated notes

Levels and vault maps discovered:
D:1:      dpeg_arrival_tiny_g, layout_loops_ring, xom_teletrap_fun
D:2:      layout_basic, chequers_serial_rivers_large_a, feat_on_display
D:3:      layout_basic, overflow_temple_1_default, first_ration
D:4:      layout_cave_pools, serial_shops, kennysheep_mini
D:5:      layout_rooms, minmay_temple_entry_drinking_statues
D:6:      layout_loops_corners, fedhas_altar_2, uniq_sigmund
Temple:   hc_temple_tempest_star

Skill      XL: |  1  2  3  4  5  6  7 |
---------------+----------------------+-----
Conjurations   | 2 3 4 5 |  5.5
Fire Magic     | 4 5 6 |  6.3
Spellcasting   | 3 4 |  4.0
Dodging        | |  2.0
Stealth        | |  2.6

Action                   |  1- 3 |  4- 6 |  7- 9 || total
-------------------------+-------+-------+-------++-------
Melee: Unarmed           |    11 |     2 |       ||    13
       Tentacles         |     3 |     4 |       ||     7
       Constrict         |     2 |     3 |     3 ||     8
       Hand axe          |       |    19 |    13 ||    32
 Cast: Foxfire           |    73 |    96 |    62 ||   231
 Stab: Sleeping          |     3 |       |       ||     3
  Eat: Chunk             |     4 |     7 |     3 ||    14
Dodge: Dodged            |    17 |    24 |    10 ||    51
